 Dungeon Crawl Stone Soup version 0.30.0-29-ga12c61a403 (webtiles) character file.

Game seed: 16944315622968432410

63 safid the Chiller (level 4, -1/33 HPs)
             Began as a Merfolk Ice Elementalist on June 9, 2023.
             Slain by a phantom (5 damage)
             ... on level 3 of the Dungeon.
             The game lasted 00:02:02 (1704 turns).

safid the Chiller (Merfolk Ice Elementalist)        Turns: 1704, Time: 00:02:02

Health: -1/33      AC:  2    Str:  8    XL:     4   Next: 10%
Magic:  8/8        EV: 12    Int: 16    God:
Gold:   104        SH:  0    Dex: 14    Spells: 1/8 levels left

rFire   . . .        h - +2 spear (venom)
rCold   . . .        (no shield)
rNeg    . . .        a - +0 robe
rPois   .            (no helmet)
rElec   .            (no cloak)
rCorr   .            (no gloves)
SInv    .            (no boots)
Will    .....        (no amulet)
Stlth   ++           (no ring)
HPRegen 0.25/turn    (no ring)
MPRegen 0.11/turn

%: no passive effects
@: lethally poisoned (-1 -> -4), hasted, very quick
A: (nimble swimmer 2), mertail
a: no special abilities


You were on level 3 of the Dungeon.
You visited 1 branch of the dungeon, and saw 3 of its levels.

You collected 104 gold pieces.

Inventory:

Hand Weapons
 h - a +2 spear of venom (weapon)
Armour
 a - a +0 robe (worn)
Scrolls
 c - 2 scrolls of poison {unknown}
 i - a scroll of teleportation {unknown}
Potions
 b - a potion of magic
 d - a potion of lignification {unknown}
 f - a potion of curing {unknown}


   Skills:
 + Level 2.1 Fighting
 - Level 2.6 Dodging
 - Level 2.1 Stealth
 + Level 2.8 Spellcasting
 + Level 5.0 Ice Magic


You had one spell level left.
You knew the following spells:

 Your Spells              Type           Power      Damage    Failure   Level
a - Freeze                Ice            72%        1d8       2%          1
b - Frozen Ramparts       Ice            36%        1d6       8%          3
c - Ozocubu's Armour      Ice            18%        N/A       8%          3

Your spell library contained the following spells:

 Spells                   Type           Power      Damage    Failure   Level
 Ice Form                 Ice/Tmut       10%        N/A       56%         4
 Summon Ice Beast         Ice/Summ       10%        N/A       56%         4


Dungeon Overview and Level Annotations

Branches:
Dungeon (3/15)

Altars:

Shops:
D:1 ?


Innate Abilities, Weirdness & Mutations

((You are very nimble when in or above water. (Stealth+, EV+, Speed+++)))
Your lower body shifts to a powerful aquatic tail in water.


Message History

You hit the phantom but do no damage.
The phantom is lightly damaged.
The phantom misses you.
You barely miss the phantom.
The phantom is lightly damaged.
The phantom hits you.
The phantom blinks!
You blink.
An adder comes into view.
You barely miss the phantom.
The phantom is lightly damaged.
The adder hisses angrily.
The phantom hits you.
You hit the phantom.
The phantom is moderately damaged.
The phantom hits you but does no damage.
You hit the phantom.
The phantom is moderately damaged.
The phantom hits you. The kobold barely misses you.
You closely miss the phantom.
The phantom is moderately damaged.
The phantom hits you.
The phantom blinks!
You blink.
A goblin comes into view. It is wielding a +0 dagger.
Unknown command.
You closely miss the kobold.
The goblin shouts!
Your punch misses the kobold. The adder bites you.
You are poisoned.
The adder poisons you! The phantom closely misses you.
The kobold closely misses you. The adder bites you. The phantom hits you.
* * * LOW HITPOINT WARNING * * *
The kobold misses you.
It was a potion of cancellation.
You feel magically purged.
You feel sick. The adder closely misses you. The kobold barely misses you.
The phantom hits you.
* * * LOW HITPOINT WARNING * * *
It was a potion of haste.
You feel yourself speed up.
You feel sick. The adder closely misses you.
The kobold hits you with a +0 short sword.
* * * LOW HITPOINT WARNING * * *
The goblin closely misses you. The phantom hits you.
You die...

####### ......
.....####
##.....##
##.......## .
#.........####..#
#.......SKW......
##........@g###
..................
#........!.#####..
##........##
#....<.<..#
#.........#
#.........#
...........#
.#.........#


You could see a phantom, an adder, a goblin and a kobold.

Vanquished Creatures
  2 adders (D:2)
  A gnoll (D:1)
  A dart slug (D:1)
  2 ball pythons (D:1)
  An endoplasm (D:2)
  A goblin (D:1)
  2 hobgoblins (D:1)
  9 jackals
  5 bats
  2 frilled lizards (D:1)
  2 kobolds (D:1)
  4 rats
32 creatures vanquished.

Notes
Turn   | Place    | Note
-------+----------+-------------------------------------------
     0 | D:1      | safid the Merfolk Ice Elementalist began the quest for the
                  | Orb.
     0 | D:1      | Reached XP level 1. HP: 13/13 MP: 3/3
   171 | D:1      | Reached XP level 2. HP: 17/20 MP: 5/5
   194 | D:1      | Reached skill level 1 in Fighting
   439 | D:1      | Found Jaam's Magic Scroll Emporium.
   640 | D:1      | Reached XP level 3. HP: 22/26 MP: 3/6
   964 | D:2      | Learned a level 3 spell: Frozen Ramparts
   968 | D:2      | Learned a level 3 spell: Ozocubu's Armour
  1280 | D:2      | Reached skill level 5 in Ice Magic
  1280 | D:2      | Reached XP level 4. HP: 24/33 MP: 8/8
  1691 | D:3      | Noticed a phantom
  1704 | D:3      | Slain by a phantom

Illustrated notes

Levels and vault maps discovered:
D:1:      lightli_arrival_flooded_house, layout_loops_ring, serial_shops,
          nicolae_shop_trees
D:2:      layout_loops_cross, serial_rivers, chequers_serial_rivers_small_3,
          chequers_serial_rivers_micro_c, chequers_serial_rivers_room_b,
          chequers_serial_rivers_room_a, chequers_serial_rivers_small_3,
          chequers_serial_rivers_marsh, minmay_misc_feat_enclosed
D:3:      layout_rooms, serial_glass, glass_columns_c, glass_columns_c,
          serial_park_tiny_pond

Skill      XL: |  1  2  3 |
---------------+----------+-----
Fighting       | 1 2 |  2.1
Ice Magic      | 5 |  5.0
Dodging        | |  2.6
Stealth        | |  2.1
Spellcasting   | |  2.8

Action                     |  1- 3 |  4- 6 || total
---------------------------+-------+-------++-------
  Melee: Dagger            |    27 |       ||    27
         Spear             |    39 |    14 ||    53
   Cast: Freeze            |    22 |       ||    22
    Use: Potion            |       |     2 ||     2
   Stab: Sleeping          |     2 |       ||     2
         Distracted        |     1 |       ||     1
 Armour: Robe              |    17 |     2 ||    19
  Dodge: Dodged            |    50 |    10 ||    60
